Map: Eastwatch LE

Players

Emu - Winner!

  • Race: Zerg Zerg
  • League: Platinum
  • Spawn Location: 1:00

amantedevaca

  • Race: Terran Terran
  • League: Platinum
  • Spawn Location: 7:00

VOD

Have the link to the VOD?

Description

Time

  • Played on: April 28, 2018, 6:25 p.m.
  • Length: 14:14
Show
View Real Time Build Order
Export as new Build Order

Emu Zerg - Winner!

Build Orders: Hatch First 

Get SALT Encoding   

  12  0:01  Drone  
  13  0:09  Drone  
  14  0:23  Overlord  
  14  0:29  Extractor  
  14  0:30  Drone  
  15  0:41  Drone  
  15  0:42  Drone  
  17  1:10  Spawning Pool, Hatchery  
  15  1:13  Drone  
  15  1:17  Extractor  
  15  1:28  Drone  
  16  1:33  Drone x2  
  18  1:46  Overlord  
  18  1:56  Queen  
  18  1:58  Zergling x2  
  21  2:01  Zergling x2  
  22  2:12  Zergling x2  
  23  2:22  Queen  
  25  2:23  Drone x2  
  27  2:37  Drone  
  27  2:42  Roach Warren  
  27  2:45  Extractor, Drone x2  
  28  2:52  Drone  
  29  3:02  Drone  
  30  3:09  Spine Crawler  
  30  3:10  Drone  
  29  3:19  Overlord  
  28  3:20  Overlord  
  28  3:26  Zergling x4  
  30  3:27  Queen  
  32  3:45  Roach x4  
  37  4:08  Roach x5  
  47  4:11  Drone x2  
  49  4:29  Hatchery  
  48  4:43  Roach  
  48  4:44  Roach  
  52  4:45  Overlord  
  52  5:00  Overlord  
  52  5:06  Ravager x2  
  55  5:07  Ravager  
  55  5:10  Roach x2  
  55  5:14  Overlord x2  
  59  5:20  Evolution Chamber, Drone  
  51  6:00  Lair  
  51  6:03  Zerg Missile Weapons Level 1  
  51  6:07  Drone x9  
  51  6:08  Evolution Chamber, Drone  
  60  6:14  Drone x2  
  60  6:17  Drone  
  63  6:26  Drone x2  
  63  6:27  Drone  
  63  6:29  Drone  
  67  6:41  Queen  
  69  6:56  Zerg Ground Armor Level 1  
  69  7:03  Hydralisk Den  
  69  7:04  Extractor, Drone x3  
  69  7:05  Extractor  
  69  7:21  Roach x2  
  69  7:22  Roach x4  
  81  7:28  Overlord x4  
  81  7:49  Hydralisk x4  
  89  7:56  Grooved Spines  
  89  8:30  Zerg Missile Weapons Level 2  
  89  8:31  Glial Reconstitution  
  89  8:33  Roach x2  
  89  8:34  Roach x4  
  101  8:39  Spore Crawler  
  101  8:40  Drone x2, Spore Crawler  
  101  8:41  Drone x2  
  103  8:43  Drone x3  
  103  8:45  Drone x4  
  103  8:46  Overlord x3  
  110  8:58  Drone  
  111  9:08  Muscular Augments  
  111  9:42  Hydralisk x8  
  111  9:43  Hydralisk x5  
  137  9:52  Infestation Pit  
  136  10:00  Roach  
  136  10:02  Overlord  
  136  10:03  Overlord  
  138  10:11  Overseer  
  138  10:12  Overseer  
  138  10:14  Pneumatized Carapace  
  138  10:16  Hatchery  
  138  10:17  Overlord  
  138  10:18  Hatchery  
  136  10:21  Extractor  
  136  10:22  Extractor  
  136  10:24  Spine Crawler  
  136  10:25  Drone x5  
  138  10:30  Ravager  
  139  10:56  Zerg Ground Armor Level 2  
  139  10:58  Hive  
  139  11:00  Drone x3  
  139  11:02  Drone x2  
  139  11:03  Drone x4  
  148  11:09  Drone x3  
  146  11:48  Spore Crawler  
  146  11:50  Spine Crawler  
  106  12:03  Roach x4, Hydralisk  
  106  12:04  Roach x2, Hydralisk x6  
  128  12:22  Drone  
  129  12:23  Ultralisk Cavern  
  129  12:24  Drone  
  129  12:29  Queen  
  131  12:32  Extractor, Drone x5  
  103  12:46  Hydralisk  
  103  12:47  Hydralisk x4  
  113  12:57  Overlord x4  
  113  13:01  Drone x3  
  113  13:04  Queen  
  118  13:12  Ultralisk  
  124  13:13  Ultralisk x4  
Show
View Real Time Build Order
Export as new Build Order

amantedevaca Terran 

Build Orders:  

Get SALT Encoding   

  12  0:01  SCV  
  13  0:13  SCV  
  14  0:19  Supply Depot  
  14  0:26  SCV  
  15  0:31  Refinery  
  15  0:45  Barracks  
  15  0:48  SCV  
  16  0:57  Supply Depot  
  16  1:04  SCV  
  17  1:16  SCV  
  18  1:29  SCV  
  18  1:32  Supply Depot  
  19  1:39  Factory  
  19  1:46  Orbital Command  
  19  1:58  Barracks Reactor  
  19  2:10  Refinery  
  19  2:14  SCV  
  20  2:34  Command Center, SCV  
  21  2:42  Hellion x2  
  25  2:54  Factory  
  25  2:55  SCV  
  26  3:02  Barracks Tech Lab  
  26  3:04  Hellion  
  28  3:07  SCV  
  29  3:33  Hellion  
  31  3:39  Supply Depot  
  31  3:40  Factory Tech Lab  
  31  3:41  Starport  
  31  3:42  Supply Depot  
  31  3:46  Hellion  
  33  4:05  SCV  
  34  4:16  Cyclone  
  34  4:17  Cyclone, SCV  
  37  4:29  Refinery x2  
  37  4:32  Supply Depot  
  37  4:41  Siege Tank  
  40  4:56  SCV  
  41  5:00  Orbital Command  
  41  5:02  Starport Reactor  
  41  5:08  SCV  
  41  5:13  Siege Tank  
  45  5:21  SCV  
  46  5:27  Cyclone  
  49  5:29  SCV  
  49  5:33  SCV  
  51  5:36  Cyclone  
  54  5:48  Liberator  
  52  5:58  Siege Tank  
  52  5:59  SCV x2  
  60  6:04  Cyclone  
  60  6:09  Liberator  
  60  6:10  Supply Depot  
  60  6:11  SCV x2  
  65  6:18  Supply Depot  
  65  6:19  Supply Depot  
  65  6:23  SCV x2  
  67  6:31  Liberator  
  70  6:40  Siege Tank  
  73  6:47  Supply Depot  
  73  6:49  SCV  
  77  6:56  Armory  
  77  6:58  SCV  
  79  7:01  SCV  
  79  7:13  Liberator  
  79  7:32  Siege Tank  
  79  7:33  Command Center  
  79  7:34  Command Center  
  85  7:44  Cyclone  
  88  7:48  Cyclone  
  88  7:49  Refinery  
  88  7:50  Refinery  
  91  7:54  Liberator  
  91  7:59  SCV x2  
  93  8:11  SCV x2  
  101  8:18  Hellion  
  100  8:21  Siege Tank, Cyclone  
  100  8:23  SCV  
  107  8:29  Armory  
  107  8:31  Terran Vehicle Weapons Level 1  
  107  8:43  SCV x2  
  107  8:44  Liberator x2  
  109  8:49  Orbital Command  
  109  8:50  Orbital Command  
  109  8:55  SCV x2  
  117  9:20  SCV x4  
  121  9:27  Liberator  
  121  9:31  Siege Tank  
  121  9:32  Cyclone x2, SCV x2  
  132  9:46  SCV x4  
  136  9:55  Terran Vehicle And Ship Armor Level 1  
  136  10:03  Siege Tank  
  139  10:10  Supply Depot, Factory  
  139  10:11  Supply Depot x3  
  139  10:13  Factory  
  139  10:14  Cyclone x2  
  139  10:20  Supply Depot  
  145  10:23  Supply Depot  
  145  10:28  Terran Vehicle Weapons Level 2  
  145  10:36  Liberator  
  145  10:39  Siege Tank  
  148  10:43  Liberator  
  148  10:47  Cyclone  
  148  10:49  Orbital Command  
  151  10:51  Cyclone  
  157  11:01  Refinery  
  157  11:02  Refinery  
  160  11:11  Siege Tank  
  162  11:15  Factory Tech Lab  
  162  11:24  Factory Tech Lab  
  116  12:01  Liberator x2  
  71  12:44  Liberator x2  
  71  12:48  Cyclone x2  
  71  12:49  Cyclone x3  
  86  12:51  SCV x3  
  89  13:03  SCV x2  
  89  13:04  SCV  
  98  13:15  SCV  
  98  13:16  SCV x2  
  101  13:20  Cyclone  
  101  13:21  Cyclone x3  
  101  13:22  Command Center  
  113  13:27  Cyclone  
  113  13:28  SCV x3  
  119  13:40  SCV x3  
  122  13:44  Command Center  
  122  13:52  SCV x3  
Tags
 
Add a new tag
Caveats
  • Supply blocks, unpowered buildings, or Contaminate may cause inaccurate times.
  • Supply counts are checked every 10 seconds.